 Dungeon Crawl Stone Soup version 0.29-a0-575-g0dc89cf053 (webtiles) character file.

Game seed: 5003755500123947350

866 YayAnonymity the Ruffian (level 8, -6/68 HPs)
             Began as a Ghoul Monk on June 12, 2022.
             Was a Believer of Makhleb.
             Mangled by an ogre
             ... wielding a +0 giant club
              (13 damage)
             ... on level 5 of the Dungeon.
             The game lasted 00:07:37 (4702 turns).

YayAnonymity the Ruffian (Ghoul Monk)               Turns: 4702, Time: 00:07:38

Health: -6/68      AC:  7    Str: 15    XL:     8   Next: 3%
Magic:  10/10      EV: 10    Int:  7    God:    Makhleb [**....]
Gold:   346        SH:  0    Dex: 11    Spells: 7/7 levels left

rFire   . . .      SeeInvis .     - Unarmed
rCold   + . .      Faith    .   (no shield)
rNeg    + + +      Spirit   .   q - +1 scale mail
rPois   ∞          Reflect  .   (no helmet)
rElec   .          Harm     .   (no cloak)
rCorr   .          Rampage  .   (no gloves)
Will    .....                   (no boots)
Stlth   ..........              (no amulet)
HPRegen 0.00/turn               (no ring)
MPRegen 0.12/turn               (no ring)

@: inhibited regen
A: claws 1, cold resistance 1, negative energy resistance 3, inhibited
regeneration, torment resistance 2, devour on kill
a: Renounce Religion, Minor Destruction


You were on level 5 of the Dungeon.
You worshipped Makhleb.
Makhleb was pleased with you.
You visited 1 branch of the dungeon, and saw 5 of its levels.

You collected 346 gold pieces.

Inventory:

Hand Weapons
 b - a +0 flail of protection
Missiles
 p - 2 boomerangs of dispersal
 s - 4 atropa-tipped darts (quivered)
 t - a throwing net
Armour
 f - a +1 ring mail of fire resistance
 o - a +0 chain mail
 q - a +1 scale mail (worn)
Jewellery
 n - a +6 ring of intelligence
Wands
 c - a wand of digging (1)
 j - a wand of iceblast (7)
Scrolls
 g - 3 scrolls of identify
Potions
 a - a potion of attraction
 d - 2 potions of invisibility
 e - 4 potions of curing
 h - a potion of ambrosia
 i - a potion of heal wounds
 m - a potion of cancellation


   Skills:
 - Level 5.0 Fighting
 + Level 0.0 Armour
 + Level 4.5 Dodging
 - Level 2.1 Stealth
 * Level 7.1 Unarmed Combat
 + Level 4.0 Invocations


You had 7 spell levels left.
You didn't know any spells.
Your spell library contained the following spells:

 Spells                   Type           Power      Damage    Failure   Level
 Apportation              Tloc           0%         N/A       89%         1
 Foxfire                  Conj/Fire      0%         2x1d4     89%         1
 Sandblast                Erth           0%         2d4       89%         1
 Ensorcelled Hibernation  Hex/Ice        0%         N/A       96%         2
 Passwall                 Tmut/Erth      0%         N/A       96%         2
 Conjure Flame            Conj/Fire      0%         6-21      99%         3
 Inner Flame              Hex/Fire       0%         N/A       99%         3
 Stone Arrow              Conj/Erth      0%         3d7       99%         3
 Swiftness                Air            0%         N/A       99%         3
 Flame Wave               Conj/Fire      0%         2d4       100%        4
 Leda's Liquefaction      Hex/Erth       0%         N/A       100%        4
 Petrify                  Tmut/Erth      0%         N/A       100%        4
 Alistair's Intoxication  Tmut/Pois      0%         N/A       100%        5
 Irradiate                Conj/Tmut      0%         3d13      100%        5
 Lee's Rapid Deconstruct  Erth           0%         3d5*      100%        5
 Sublimation of Blood     Necr           Unusable   N/A       N/A         2
 Statue Form              Tmut/Erth      Unusable   N/A       N/A         6

Dungeon Overview and Level Annotations

Branches:
Dungeon (5/15)
 Temple: D:4-7

Altars:
Makhleb
Trog

Shops:
D:1 =

Annotations:
D:4 1 runed translucent door, Crazy Yiuf


Innate Abilities, Weirdness & Mutations

You are immune to poison.
You have sharp fingernails.
Your flesh is cold resistant. (rC+)
You are immune to negative energy. (rN+++)
You do not regenerate when monsters are visible.
You are immune to unholy pain and torment.
You thrive by killing the living.


Message History

You scratch the orc but do no damage. You closely miss the orc.
The orc hits you with a +0 flail. The orc wizard casts a spell at you.
The puff of flame hits you.
You claw the ogre!
The ogre is moderately wounded.
The orc hits you with a +0 flail.
An acid dragon comes into view.
The ogre barely misses you.
You scratch the ogre.
The ogre is heavily wounded.
The orc hits you with a +0 flail.
The orc wizard casts a spell.
The orc wizard flickers and vanishes!
Deactivating autopickup; reactivate with Ctrl-A.
You completely miss the ogre.
The ogre is heavily wounded.
The ogre hits you with a +0 giant club!!
The orc barely misses you.
You closely miss the ogre.
The ogre is heavily wounded.
The orc closely misses you. The ogre hits you with a +0 giant club!
You are too injured to fight recklessly!
You are too injured to fight recklessly!
You are too injured to fight recklessly!
The orc attacks as you move away! The orc hits you with a +0 flail.
You claw the orc!
You kill the orc!
Makhleb accepts your kill.
You feel better.
You claw the ogre!
The ogre is severely wounded.
The ogre hits you with a +0 giant club!
* * * LOW HITPOINT WARNING * * *
You scratch the ogre.
The ogre is severely wounded.
You barely miss the ogre.
The ogre is severely wounded.
The ogre hits you with a +0 giant club!
You die...

####.....#..........
...............####
#########...#..#
#...##.## ######..#
#...## #....#
#...)## ####@.# ##O#
#.OD...# ##.......
..#+#.# ... ....#.#
....#.# .$ ....#.#
..


You could see an acid dragon and 2 ogres.

Vanquished Creatures
  Edmund (D:4)
  2 black bears (D:4)
  An ogre (D:4)
  2 phantoms (D:5)
  A scorpion (D:4)
  2 hounds (D:4)
  2 orc priests (D:4)
  6 adders
  3 gnolls (D:4)
  2 dart slugs
  15 orcs
  3 bats
  6 endoplasms
  2 giant cockroaches
  4 goblins (D:4)
  4 hobgoblins
  6 jackals
  4 quokkas
  7 ball pythons
  2 frilled lizards
  11 kobolds
  2 rats
88 creatures vanquished.

Notes
Turn   | Place    | Note
-------+----------+-------------------------------------------
     0 | D:1      | YayAnonymity the Ghoul Monk began the quest for the Orb.
     0 | D:1      | Reached XP level 1. HP: 19/19 MP: 0/0
   258 | D:1      | Found a faded altar of an unknown god.
   408 | D:1      | Reached XP level 2. HP: 23/26 MP: 1/1
   513 | D:1      | Found Ystekex's Jewellery Shop.
   907 | D:2      | Reached XP level 3. HP: 31/31 MP: 2/2
   919 | D:2      | Reached skill level 4 in Unarmed Combat
   929 | D:2      | Identified the +2 whip of Ceon {speed, rN++ rCorr}
  1162 | D:2      | Found a burning altar of Makhleb.
  1169 | D:2      | Became a worshipper of Makhleb the Destroyer
  1169 | D:2      | Reached * piety under Makhleb
  1169 | D:2      | Reached ** piety under Makhleb
  1429 | D:2      | Reached XP level 4. HP: 40/40 MP: 3/3
  2183 | D:3      | Reached skill level 1 in Invocations
  2346 | D:4      | Noticed a black bear
  2346 | D:4      | Noticed a black bear
  2346 | D:4      | Found a bloodstained altar of Trog.
  2347 | D:4      | Noticed a scorpion
  2387 | D:4      | Reached XP level 5. HP: 44/46 MP: 4/4
  2404 | D:4      | Found a runed translucent door.
  2405 | D:4      | Noticed Crazy Yiuf
  2457 | D:4      | Killed a black bear
  2458 | D:4      | Reached skill level 5 in Unarmed Combat
  2625 | D:4      | Reached XP level 6. HP: 53/53 MP: 6/6
  2644 | D:4      | Killed a black bear
  3108 | D:4      | Reached skill level 6 in Unarmed Combat
  3108 | D:4      | Reached XP level 7. HP: 32/60 MP: 8/8
  3289 | D:4      | Noticed Edmund
  3507 | D:4      | Killed Edmund
  3886 | D:4      | Reached skill level 5 in Fighting
  4452 | D:5      | Entered Level 5 of the Dungeon
  4594 | D:5      | Reached skill level 7 in Unarmed Combat
  4594 | D:5      | Reached XP level 8. HP: 68/68 MP: 9/9
  4702 | D:5      | Mangled by an ogre

Illustrated notes

Levels and vault maps discovered:
D:1:      ncdulo_halloftheorcs, layout_loops_ring,
          shapermc_ecumenical_altar_venn, serial_shops, nicolae_shop_trees
D:2:      layout_rooms, basic_altar, nicolae_underground_beach
D:3:      layout_basic, minmay_misc_feat_five
D:4:      layout_loops_ring, trog_ov_bears_minmay,
          corexii_mini_fake_secret_closet, uniq_crazy_yiuf_cottage, uniq_edmund
D:5:      layout_basic, serial_corexii_hall, corexii_hall_statues_l,
          corexii_hall_statues_t

Skill      XL: |  1  2  3  4  5  6  7  8 |
---------------+-------------------------+-----
Dodging        | 3 4 |  4.5
Unarmed Combat | 4 5 6 7 |  7.1
Fighting       | 4 5 |  5.0
Invocations    | 1 2 3 4 |  4.0
Stealth        | |  2.1

Action                   |  1- 3 |  4- 6 |  7- 9 || total
-------------------------+-------+-------+-------++-------
Melee: Unarmed           |    49 |    37 |   104 ||   190
       Whip              |    47 |   147 |       ||   194
       Punch             |     1 |     3 |     3 ||     7
Throw: Dart              |       |       |     2 ||     2
Invok: Minor Destruction |       |     6 |     5 ||    11
  Use: Scroll            |       |       |    14 ||    14
 Stab: Sleeping          |     4 |       |       ||     4
Armor: Robe              |     7 |       |       ||     7
       Ring mail         |    19 |     7 |       ||    26
       Scale mail        |       |    48 |    25 ||    73
Dodge: Dodged            |    48 |    88 |    33 ||   169

Table legend: (Time is in decaauts)
 A = Elapsed time spent in this place.
 B = Non-inter-level travel time spent in this place.
 C = Inter-level travel time spent in this place.
 D = Time resting spent in this place.
 E = Time spent auto-exploring this place.
 F = Levels seen in this place.
 G = Mean time per level.
                   A        B        C        D        E       F      G
               +--------+--------+--------+--------+--------+-----+--------+
         Total |   4630 |   4430 |    200 |    793 |   2797 |   5 |  926.0 |
       Dungeon |   4630 |   4430 |    200 |    793 |   2797 |   5 |  926.0 |
               +--------+--------+--------+--------+--------+-----+--------+

Top non-repeatable levels by time:
     D:4: 1770 daAuts
     D:3: 1099 daAuts
     D:1: 887 daAuts
     D:2: 721 daAuts
     D:5: 151 daAuts
